[Event "Chessity Nationale Pupillendag 2018 - Groep F"]
[Site "Meppel, Netherlands"]
[Date "2018.06.23"]
[Round "2.2"]
[White "Koolhoven, Giovanni"]
[Black "Jakhari, Ansh"]
[Result "0-1"]
[TimeControl "15 min + 10 sec"]
[WhiteElo "598"]
[BlackElo "1293"]

1. e4 e5 2. Nf3 Nf6 3. Nxe5 Nxe4 4. Qe2 Qe7 5. Qxe4 d6 6. d4 dxe5 7. dxe5 Nc6 8. Bf4 g6 9. Bb5 Qc5 10. Nc3 a6 11. Bxc6+ bxc6 12. O-O-O Bf5 13. Qe2 Bg7 14. Rhe1 O-O 15. g4 Be6 16.
h4 Rad8 17. Rxd8 Rxd8 18. h5 gxh5 19. gxh5 Rd4 20. Be3 Qxe5 21. Bxd4 Qxd4 22. Rg1 Qf4+ 23. Kb1 0-1